 Dungeon Crawl Stone Soup version 0.30-a0-778-g2ef04afb54 (webtiles) character file.

Game seed: 10891506736861375172

14417 Esekla the Thaumaturge (level 12, -1/82 HPs)
             Began as an Octopode Delver on Feb 15, 2023.
             Was an Initiate of Gozag.
             Slain by an alligator (13 damage)
             ... on level 1 of the Lair of Beasts.
             The game lasted 01:25:51 (14810 turns).

Esekla the Thaumaturge (Octopode Delver)           Turns: 14810, Time: 01:25:51

Health: -1/82      AC: -3    Str: 14    XL:     12   Next: 16%
Magic:  16/24      EV: 15    Int: 17    God:    Gozag
Gold:   528        SH:  5    Dex: 13    Spells: 18/28 levels left

rFire   + . .      SeeInvis +    a - +2 falchion "Jeleivye" {elec, rPois Will+ Str-3}
rCold   . . .      Faith    .    g - +0 buckler
rNeg    + . .      Spirit   .    (helmet restricted)
rPois   +          Reflect  .    (no amulet)
rElec   .          Harm     .    O - ring of Cufilau {Drain Fly Will+++ Str+5}
rCorr   .          Rampage  .    o - ring of see invisible
Will    +++++                    n - ring of protection from fire
Stlth   +++++++                  C - ring of willpower
HPRegen 0.33/turn                I - ring "Tuast" {Wiz *Corrode rN+ Slay+2 Stlth+}
MPRegen 0.19/turn                (no ring)
                                 (no ring)
                                 (no ring)

@: corroded, flying
A: almost no armour, amphibious, 8 rings, camouflage 1, gelatinous body 1,
nimble swimmer 1, tentacles
a: Renounce Religion, Potion Petition, Call Merchant, Bribe Branch


You were on level 1 of the Lair of Beasts.
You worshipped Gozag.
Gozag was pleased with you.
You visited 3 branches of the dungeon, and saw 12 of its levels.
You also visited: Sewer and Bailey.

You collected 2778 gold pieces.
You spent 953 gold pieces at shops.
You paid 1297 gold pieces to Gozag.

Inventory:

Hand Weapons
 a - the +2 falchion "Jeleivye" (weapon) {elec, rPois Will+ Str-3}
   (You bought it in a shop on level 5 of the Dungeon)

   Str:       It affects your strength (-3).
   rPois:     It protects you from poison.
   Will:      It increases your willpower.
 r - a +2 trident of venom
 s - a +4 dagger of electrocution
 w - a +2 long sword of holy wrath
 z - a +3 scimitar of freezing
Missiles
 u - 14 boomerangs
 G - 58 poisoned darts (quivered)
 M - 4 throwing nets
 N - 11 curare-tipped darts
Armour
 g - a +0 buckler (worn)
Jewellery
 n - a ring of protection from fire (on tentacle)
 o - a ring of see invisible (right tentacle)
 C - a ring of willpower (on tentacle)
 I - the ring "Tuast" (on tentacle) {Wiz *Corrode rN+ Slay+2 Stlth+}
   (You found it on level 8 of the Dungeon)

   [ring of wizardry]

   It improves your spell success rate.
   Slay:      It affects your accuracy & damage with ranged weapons and melee
   (+2).
   rN:        It protects you from negative energy.
   *Corrode:  It may corrode you when you take damage.
   Stlth:     It makes you more stealthy.
 O - the ring of Cufilau (left tentacle) {Drain Fly Will+++ Str+5}
   (You found it in a bailey)

   [ring of flight]

   Str:       It affects your strength (+5).
   Fly:       It grants you flight.
   Drain:     It drains your maximum health when unequipped.
   Will:      It greatly increases your willpower.
 P - a ring of fire
Wands
 f - a wand of digging (3)
 K - a wand of iceblast (7)
Scrolls
 b - 4 scrolls of fog
 c - 2 scrolls of vulnerability {unknown}
 h - 2 scrolls of enchant armour {unknown}
 i - 2 scrolls of teleportation {unknown}
 k - 2 scrolls of noise {unknown}
 l - 3 scrolls of enchant weapon {unknown}
 x - 3 scrolls of poison {unknown}
 y - a scroll of silence {unknown}
 D - a scroll of torment {unknown}
 E - 2 scrolls of blinking {unknown}
 F - a scroll of butterflies {unknown}
 L - a scroll of acquirement {unknown}
 R - a scroll of immolation {unknown}
 T - 3 scrolls of amnesia {unknown}
Potions
 j - 2 potions of attraction
 m - 2 potions of mutation
 p - a potion of heal wounds
 q - a potion of magic
 t - 2 potions of berserk rage
 v - 2 potions of flight
 A - a potion of ambrosia
 B - 4 potions of might
 H - a potion of brilliance
 J - 2 potions of cancellation
Miscellaneous
 S - a lightning rod (2/4)


   Skills:
 * Level 7.7 Fighting
 + Level 4.7(6.9) Short Blades
 * Level 7.9(8.5) Long Blades
 + Level 3.6 Throwing
 * Level 6.8 Dodging
 - Level 8.0 Stealth
 + Level 4.0 Shields
 * Level 8.6 Spellcasting
 * Level 1.9 Conjurations
 + Level 7.2 Necromancy
 * Level 2.5 Air Magic
 * Level 2.9 Poison Magic


You had 18 spell levels left.
You knew the following spells:

 Your Spells              Type           Power      Damage    Failure   Level
c - Mephitic Cloud        Conj/Pois/Air  15%        N/A       6%          3
d - Vampiric Draining     Necr           31%        2d8       1%          3
u - Dispel Undead         Necr           31%        3d14      2%          4

Your spell library contained the following spells:

 Spells                   Type           Power      Damage    Failure   Level
 Kiss of Death            Conj/Necr      88%        2d12      1%          1
 Necrotise                Necr           100%       1d9       1%          1
 Magic Dart               Conj           52%        1d5       2%          1
 Summon Small Mammal      Summ           28%        N/A       5%          1
 Call Imp                 Summ           7%         N/A       8%          2
 Agony                    Necr           31%        N/A       8%          5
 Call Canine Familiar     Summ           7%         N/A       16%         3
 Confusing Touch          Hex            7%         N/A       16%         3
 Summon Guardian Golem    Hex/Summ       7%         N/A       16%         3
 Borgnjor's Vile Clutch   Necr/Erth      9%         N/A       30%         5
 Death Channel            Necr           15%        N/A       36%         6
 Animate Dead             Necr           Unusable   N/A       N/A         4

Dungeon Overview and Level Annotations

Branches:
Dungeon (10/15)            Temple (1/1) D:5            Lair (1/5) D:8
  Sewer (visited)          Bailey (visited)
    Orc: D:9-12

Altars:
Ashenzari
Cheibriados
Elyvilon
Fedhas
Gozag
Hepliaklqana
Kikubaaqudgha
Makhleb
Nemelex Xobeh
Okawaru
Qazlal
Ru
Sif Muna
Trog
Uskayaw
Vehumet
Wu Jian
Yredelemnul
Zin
The Shining One

Shops:
D:5 (   D:9 :

Annotations:
D:4 2 transporters, bande's ghost, weakling GrFi
D:5 kingofthe's ghost, novice OpCj
D:10 3 runed translucent doors, 2 headed ogre
Temple 2 transporters


Innate Abilities, Weirdness & Mutations

You cannot wear most types of armour.
You are amphibious.
You can wear up to eight rings at the same time.
Your skin changes colour to match your surroundings (Stealth+).
Your rubbery body absorbs attacks. (AC +1, EV +1)
You are camouflaged when in or above water. (Stealth+)
You have tentacles for arms and can constrict up to eight enemies at once.


Message History

You draw life force from the anaconda!
You feel life coursing into your body.
The anaconda is engulfed in noxious fumes.
The anaconda appears confused.
You block the anaconda's attack.
The anaconda bites itself!
The anaconda constricts you.
The manticore is engulfed in noxious fumes.
The manticore appears confused.
The manticore barely misses the anaconda.
The manticore closely misses the anaconda.
The manticore claws the anaconda!
The manticore is engulfed in noxious fumes.
The manticore appears confused.
The manticore bites the anaconda.
The manticore claws the anaconda!
The manticore claws the anaconda but does no damage.
The anaconda is engulfed in noxious fumes.
The anaconda appears confused.
The anaconda bites you. The anaconda constricts you.
You escape the anaconda's grasp.
You feel yourself speed up.
The anaconda is engulfed in noxious fumes.
The anaconda bites something!
The alligator puts on a burst of speed!
Casting: Vampiric Draining (safe; 1% risk of failure)
Confirm with . or Enter, or press ? or * to list all spells.
Aiming: Mephitic Cloud (dangerous; 6% risk of failure)
Press: ? - help, Shift-Dir - straight line, f - alligator, p - anaconda
Aim: an alligator (water, lightly wounded, covering ground quickly, chance to affect: 43%)
The ball explodes into a vile cloud!
The stinking cloud engulfs the alligator but does no damage.
The alligator is lightly wounded.
The stinking cloud engulfs the anaconda but does no damage.
The anaconda is severely wounded.
The stinking cloud engulfs you but does no damage.
You hear an angry hiss.
The anaconda is engulfed in noxious fumes.
The alligator is engulfed in noxious fumes.
The alligator bites you!
* * * LOW HITPOINT WARNING * * *
The alligator tail-slaps you!
You die...
Your body crumbles into a pile of gold.

#.#≈≈≈~...≈≈≈# #...# ##..
#..~~≈.....~≈## ###.# ##...
#.......#..~≈≈# #.#####.#..
#.#.....#..~≈≈# ##.........
#.#.....##..~≈# [# #.........
##.....#.##..≈≈# $###.........
#..#...#.#..~≈≈#ts≈##.........
##...'#.##..~≈≈#lt##.......###
#.....###.○≈@##Sw≈##.###.##
#....##...☼tS#tH# ##...#.####
#...##≈≈..≈○☼#'####....#.....
#...##....~≈≈~...###...#.....
#....##..≈≈≈≈≈~...##.........
#.####..~~≈≈≈≈~≈.###.........
#.#.###.~~≈≈≈≈~≈.###.........
#...##...~≈≈≈≈~...#..........
#.#.###..}~≈~≈....##.........


You could see an alligator (swift) and an anaconda (confused).

Vanquished Creatures
  A dire elephant (Lair:1)
  An anaconda (Lair:1)
  Harold (D:9)
  The ghost of PLAYERX the Ducker, a novice GnMo (D:5)
  A manticore (Lair:1)
  2 black mambas (Lair:1)
  A cane toad (Lair:1)
  3 komodo dragons
  A kobold demonologist (D:10)
  A troll (D:10)
  2 hornets
  A shadow (D:10)
  6 yaks
  2 wraiths
  3 wyverns
  A basilisk (Lair:1)
  3 vampire mosquitoes (D:10)
  2 steam dragons
  Menkaure (D:4)
  7 water moccasins
  The ghost of Esekla the Sneak, an amateur VSDe of Vehumet (D:5)
  2 acid dragons
  3 orc warriors
  6 black bears
  6 wolves (Lair:1)
  5 centaurs
  An ogre (D:6)
  17 kobold brigands
  2 phantoms
  7 bullfrogs
  A gnoll sergeant (D:10)
  3 scorpions
  10 wights
  4 killer bees (D:8)
  An electric eel (Lair:1)
  3 howler monkeys (D:10)
  2 jellies
  An orc priest (D:5)
  4 hounds
  Jessica (D:2)
  6 iguanas
  2 orc wizards
  4 hell rats (Lair:1)
  9 gnolls
  8 adders
  2 shadow imps
  A white imp (D:7)
  3 worms
  2 dart slugs
  23 orcs
  10 ball pythons
  3 bats
  5 endoplasms
  5 giant cockroaches
  7 goblins
  8 hobgoblins
  2 jackals (D:4)
  33 kobolds
  7 quokkas
  4 frilled lizards
  7 rats
272 creatures vanquished.

Vanquished Creatures (others)
  57 fungi
  45 plants
102 creatures vanquished.

Grand Total: 374 creatures vanquished

Notes
Turn   | Place    | Note
-------+----------+-------------------------------------------
     0 | D:5      | Esekla the Octopode Delver began the quest for the Orb.
     0 | D:5      | Reached XP level 1. HP: 16/16 MP: 1/1
    19 | D:5      | Found a staircase to the Ecumenical Temple.
    25 | Temple   | Entered the Ecumenical Temple
    25 | Temple   | Found a transporter.
    25 | Temple   | Found a transporter.
   134 | Temple   | Found a transporter.
   134 | Temple   | Found a transporter.
   146 | Temple   | Became a worshipper of Gozag Ym Sagoz the Greedy
   169 | D:4      | Found a transporter.
   323 | D:3      | Noticed a phantom
   455 | D:3      | Reached XP level 2. HP: 19/21 MP: 2/2
   502 | D:3      | Found a glowing drain.
   510 | Sewer    | Entered a sewer
   514 | Sewer    | Reached XP level 3. HP: 26/26 MP: 3/3
   531 | Sewer    | Noticed a water moccasin
   537 | Sewer    | Killed a water moccasin
   538 | Sewer    | Reached skill level 1 in Shields
   538 | Sewer    | Reached skill level 1 in Spellcasting
   538 | Sewer    | Reached XP level 4. HP: 31/31 MP: 3/5
   538 | Sewer    | Reached XP level 5. HP: 36/36 MP: 3/6
  1267 | D:2      | Noticed Jessica
  1273 | D:2      | Killed Jessica
  1782 | D:3      | Learned a level 3 spell: Vampiric Draining
  1919 | D:3      | Reached XP level 6. HP: 42/42 MP: 7/7
  1945 | D:3      | Found a glowing silver altar of Zin.
  1945 | D:3      | Noticed an angel
  2201 | D:3      | Reached skill level 1 in Short Blades
  2372 | D:4      | Noticed bande's ghost (weakling GrFi)
  2571 | D:4      | Noticed Menkaure
  2584 | D:4      | Killed Menkaure
  2585 | D:4      | Reached skill level 1 in Necromancy
  2585 | D:4      | Reached XP level 7. HP: 37/48 MP: 9/9
  2704 | D:4      | Found a transporter.
  3374 | D:5      | Found a runed translucent gate.
  3375 | D:5      | Found a runed translucent gate.
  3375 | D:5      | Found a runed translucent gate.
  3459 | D:5      | Reached XP level 8. HP: 42/54 MP: 11/11
  3543 | D:5      | Noticed Esekla's ghost (amateur VSDe)
  3543 | D:5      | Noticed PLAYERX's ghost (novice GnMo)
  4248 | D:5      | Noticed kingofthe's ghost (novice OpCj)
  4374 | D:5      | Upgraded the game from 0.30-a0-777-ga9a30cbeda to
                  | 0.30-a0-778-g2ef04afb54
  4374 | D:5      | Bought a +2 long sword of holy wrath for 237 gold pieces
  4942 | D:6      | Reached skill level 1 in Throwing
  5058 | D:6      | Found a hazy altar of Hepliaklqana.
  5579 | D:6      | Reached XP level 9. HP: 60/60 MP: 14/14
  5730 | D:7      | Reached skill level 5 in Fighting
  5858 | D:7      | Noticed a hornet
  6494 | D:7      | Killed a hornet
  6495 | D:7      | Reached skill level 5 in Long Blades
  7213 | D:8      | Noticed a komodo dragon
  7693 | D:8      | Found a staircase to the Lair.
  7703 | D:8      | Reached skill level 5 in Dodging
  7879 | D:8      | Killed a komodo dragon
  7880 | D:8      | Reached skill level 5 in Spellcasting
  7880 | D:8      | Reached XP level 10. HP: 31/68 MP: 7/17
  8047 | D:8      | Identified the ring "Tuast" {Wiz *Corrode rN+ Slay+2
                  | Stlth+}
  8079 | D:7      | Reached skill level 5 in Necromancy
  8565 | D:8      | Found a sacrificial altar of Ru.
  8843 | D:9      | Noticed Harold
  8853 | D:9      | Killed Harold
  9024 | D:9      | Found a flagged portal.
  9070 | Bailey   | Entered a bailey
  9404 | Bailey   | Found an iron altar of Okawaru.
  9410 | Bailey   | Identified the ring of Cufilau {Drain Fly Will+++ Str+5}
 10389 | D:9      | Found a glowing golden altar of the Shining One.
 10636 | D:10     | Entered Level 10 of the Dungeon
 10739 | D:10     | Reached XP level 11. HP: 65/74 MP: 15/20
 10936 | D:10     | Noticed a sun demon
 10945 | D:10     | Noticed a sixfirhy
 11132 | D:10     | Found a radiant altar of Vehumet.
 11607 | D:10     | Found a runed translucent gate.
 11607 | D:10     | Found a runed translucent gate.
 11607 | D:10     | Found a runed translucent gate.
 11607 | D:10     | Noticed a purple ugly thing
 11607 | D:10     | Noticed a cyan ugly thing
 11614 | D:10     | Learned a level 3 spell: Mephitic Cloud
 11618 | D:10     | Noticed a brown ugly thing
 11635 | D:10     | Noticed a two-headed ogre
 12646 | D:10     | Noticed a glowing orange brain
 12648 | D:10     | Noticed a green ugly thing
 12681 | D:9      | Bought a book of Touch for 352 gold pieces
 12686 | D:9      | Learned a level 4 spell: Dispel Undead
 12795 | D:5      | Bought the +2 falchion "Jeleivye" {elec, rPois Will+ Str-3}
                  | for 364 gold pieces
 13032 | D:5      | Killed Esekla's ghost
 13038 | D:5      | Killed PLAYERX's ghost
 13271 | Lair:1   | Entered Level 1 of the Lair of Beasts
 13294 | Lair:1   | Reached skill level 1 in Air Magic
 13388 | Lair:1   | Reached skill level 1 in Poison Magic
 13811 | Lair:1   | Reached skill level 1 in Conjurations
 14107 | Lair:1   | Noticed an anaconda
 14109 | Lair:1   | Noticed a dire elephant
 14263 | Lair:1   | Killed a dire elephant
 14435 | Lair:1   | Reached XP level 12. HP: 81/81 MP: 21/24
 14459 | Lair:1   | Killed an anaconda
 14803 | Lair:1   | Noticed an anaconda
 14803 | Lair:1   | Noticed an alligator
 14810 | Lair:1   | Slain by an alligator

Illustrated notes

Levels and vault maps discovered:
D:1:      evilmike_arrival_plus, layout_basic
D:2:      layout_loops_ring, kennysheep_jessica_study
D:3:      layout_loops_ring, zin_angel, gup_sewer_entry_spiral,
          patterned_corridor
D:4:      minmay_recursive_quarters, layout_basic, gammafunk_ghost_stat_death,
          hangedman_decor_diamond_cutter, uniq_menkaure
D:5:      layout_loops_corners, minmay_temple_entry_wispy,
          gammafunk_ghost_cemetery, nicolae_nh_ransacked_shop
D:6:      layout_basic, kennysheep_mini, serial_curves, eino_curves_03,
          eino_curves_04, eino_curves_02, eino_curves_03, minivault_19
D:7:      layout_basic
D:8:      layout_basic, lemuel_crystal_altar, due_lair_maze_entry_diamond,
          kennysheep_small_circle
D:9:      layout_stronghold, tso_metal_star, enter_bailey_7, uniq_harold
D:10:     layout_roguey, mainiacjoe_overflow_alcove_2, special_room
          [special_room_kobold], ploomutoo_gammafunk_ghost_potion_laboratory
Temple:   hellmonk_temple_divided_pantheon
Lair:1:   layout_chaotic_city, nicolae_lair_lakeside_cave

Skill      XL: |  1  2  3  4  5  6  7  8  9 10 11 |
---------------+----------------------------------+-----
Stealth        | 7 8 |  8.0
Long Blades    | 3 4 5 7 |  7.9
Shields        | 1 2 3 4 |  4.0
Spellcasting   | 1 2 3 5 6 8 |  8.6
Short Blades   | 1 2 3 4 |  4.7
Dodging        | 3 4 5 6 |  6.8
Fighting       | 4 5 6 7 |  7.7
Necromancy     | 1 3 4 6 7 |  7.2
Throwing       | 1 2 3 |  3.6
Air Magic      | 2 |  2.5
Poison Magic   | 2 |  2.9
Conjurations   | 1 |  1.9

Action                     |  1- 3 |  4- 6 |  7- 9 | 10-12 || total
---------------------------+-------+-------+-------+-------++-------
  Melee: Falchion          |    23 |    19 |       |     3 ||    45
         Constrict         |     7 |    13 |    29 |    48 ||    97
         Tentacles         |     4 |    15 |    42 |    46 ||   107
         Dagger            |       |    58 |   110 |    39 ||   207
         Punch             |       |     1 |     5 |     3 ||     9
         Long sword        |       |       |    49 |    20 ||    69
         Scimitar          |       |       |    14 |   153 ||   167
  Throw: Boomerang         |       |     4 |    26 |    32 ||    62
         Dart              |       |       |       |    63 ||    63
   Cast: Vampiric Draining |       |       |    14 |    67 ||    81
         Mephitic Cloud    |       |       |       |    13 ||    13
         Dispel Undead     |       |       |       |     3 ||     3
 Invoke: Call Merchant     |       |       |     1 |     1 ||     2
  Evoke: Lightning rod     |       |       |       |     2 ||     2
         Wand              |       |       |       |     1 ||     1
    Use: Scroll            |     1 |       |     1 |    11 ||    13
         Potion            |     1 |       |       |     3 ||     4
   Stab: Sleeping          |     9 |    26 |    14 |    17 ||    66
         Distracted        |       |       |     1 |       ||     1
         Confused          |       |       |       |     8 ||     8
 Armour: Skin              |     2 |     1 |     8 |     9 ||    20
  Dodge: Dodged            |     9 |    21 |   102 |   158 ||   290
  Block: Buckler           |     3 |     7 |    26 |    49 ||    85

Table legend: (Time is in decaauts)
 A = Elapsed time spent in this place.
 B = Non-inter-level travel time spent in this place.
 C = Inter-level travel time spent in this place.
 D = Time resting spent in this place.
 E = Time spent auto-exploring this place.
 F = Levels seen in this place.
 G = Mean time per level.
                   A        B        C        D        E       F      G
               +--------+--------+--------+--------+--------+-----+--------+
         Total |  14788 |  14071 |    717 |   3793 |   3519 |  14 | 1056.3 |
       Dungeon |  12801 |  12084 |    717 |   3169 |   3222 |  10 | 1280.1 |
        Temple |     28 |     28 |      0 |      0 |      0 |   1 |   28.0 |
          Lair |   1510 |   1510 |      0 |    461 |    297 |   1 | 1510.0 |
         Sewer |     79 |     79 |      0 |      0 |      0 |   1 |   79.0 |
        Bailey |    368 |    368 |      0 |    163 |      0 |   1 |  368.0 |
               +--------+--------+--------+--------+--------+-----+--------+

Top non-repeatable levels by time:
     D:5: 2054 daAuts
    D:10: 1849 daAuts
     D:7: 1749 daAuts
     D:9: 1708 daAuts
  Lair:1: 1510 daAuts
     D:8: 1361 daAuts
     D:6: 1243 daAuts
     D:3: 931 daAuts
     D:4: 761 daAuts
     D:2: 676 daAuts
     D:1: 465 daAuts
  Bailey: 368 daAuts
   Sewer: 79 daAuts
  Temple: 28 daAuts
